AoeStats
← Santi86 #Loser

Yucatan

503660469Analyzed
2v2 RM · 1mo ago on Sep 1, 2026· 47m 41s· 4 players
Game mode
Random Map
Map size
Medium (4 player)
Population
200
Speed
Normal
Resources
Standard
Victory
Conquest
Starting age
Dark Age
Ending age
Imperial Age
RankedLock teamsTeams togetherTeam positionsShared explorationLock speedFull tech treeHidden civsTurbo modeCheats
Victory
Defeat
🇨🇭 Mongols · Switzerland
896
+15
🇬🇧 Magyars · United Kingdom
870
+17
889
-16
🇵🇱 Franks · Poland
874
-16
Donelson
11:12 Feudal Age
10:37 Loom
11:16 Man-at-Arms
15:17 Bloodlines
19:06 Scale Barding Armor
23:47 Castle Age
22:57 Horse Collar
24:54 Chain Barding Armor
24:38 Husbandry
32:42 Town Watch
34:02 Wheelbarrow
40:25 Town Patrol
40:34 Fletching
40:45 Padded Archer Armor
41:38 Hand Cart
44:15 Imperial Age
44:21 Imperial Age
41:54 Murder Holes
42:16 Thumb Ring
42:23 Bodkin Arrow
42:29 Double-Bit Axe
43:51 Leather Archer Armor
44:05 Ballistics
44:36 Bow Saw
44:07 Light Cavalry
45:30 Parthian Tactics
45:56 Heavy Cavalry Archer
Blobby
1:14 Loom
12:13 Feudal Age
12:58 Double-Bit Axe
16:18 Bloodlines
18:16 Castle Age
16:51 Forging
16:55 Bloodlines
18:48 Scale Barding Armor
19:47 Bow Saw
19:33 Horse Collar
23:23 Heavy Plow
26:30 Wheelbarrow
28:37 Fletching
29:12 Hand Cart
29:03 Stone Mining
32:27 Stone Shaft Mining
31:58 Bodkin Arrow
32:04 Padded Archer Armor
34:24 Leather Archer Armor
37:01 Imperial Age
35:10 Husbandry
36:30 Ballistics
37:14 Thumb Ring
38:11 Conscription
37:12 Elite Mangudai
38:58 Parthian Tactics
39:36 Chemistry
39:42 Light Cavalry
42:09 Capped Ram
44:18 Drill
44:09 Siege Engineers
43:57 Siege Ram
46:37 Hussar
47:25 Bracer
47:47 Chain Barding Armor
Sir Floyd The Breathless
10:06 Feudal Age
11:18 Loom
12:53 Double-Bit Axe
20:24 Castle Age
18:36 Horse Collar
20:48 Fletching
20:58 Padded Archer Armor
23:03 Crossbowman
29:18 Pikeman
31:49 Scale Mail Armor
36:42 Wheelbarrow
41:33 Hand Cart
42:46 Squires
43:22 Forging
43:28 Chain Mail Armor
Santi86 #Loser
11:41 Feudal Age
16:32 Castle Age
20:47 Loom
25:12 Double-Bit Axe
26:50 Pikeman
31:42 Bow Saw
32:43 Forging
32:35 Scale Mail Armor
33:46 Squires
34:51 Scale Barding Armor
36:51 Husbandry
37:15 Chain Barding Armor
41:27 Imperial Age
39:45 Iron Casting
40:30 Fletching
43:18 Onager
44:12 Elite Skirmisher
Connection lost

Rejoining the realm…

Still unreachable

The connection could not be restored.

Session expired

The server has moved on; the page needs a fresh start.